 Dungeon Crawl Stone Soup version 0.30-a0-956-gcec3b41aec (webtiles) character file.

Game seed: 15162938325332188047

119 HoaS the Shooter (level 5, -3/38 HPs)
             Began as a Formicid Hunter on Mar 29, 2023.
             Slain by a wraith (8 damage)
             ... in an ossuary.
             The game lasted 00:04:03 (1680 turns).

HoaS the Shooter (Formicid Hunter)                  Turns: 1680, Time: 00:04:04

Health: -3/38      AC: 10    Str: 16    XL:     5   Next: 24%
Magic:  5/5        EV: 11    Int:  8    God:
Gold:   92         SH:  0    Dex: 19    Spells: 4/4 levels left

rFire   + + .      SeeInvis +    a - +1 shortbow
rCold   . . .      Faith    .    (no shield)
rNeg    . . .      Spirit   .    i - +5 ring mail of Indecent Exposure {rF++}
rPois   .          Reflect  .    (helmet unavailable)
rElec   .          Rampage  .    (no cloak)
rCorr   .                        (no gloves)
Will    .....                    (no boots)
Stlth   +                        (no amulet)
HPRegen 0.26/turn                (no ring)
MPRegen 0.09/turn                (no ring)

@: no status effects
A: permanent stasis, dig shafts and tunnels, antennae 3, four strong arms
a: Dig


You were in an ossuary.
You visited 1 branch of the dungeon, and saw 4 of its levels.
You also visited: Ossuary.

You collected 92 gold pieces.

Inventory:

Hand Weapons
 a - a +1 shortbow (weapon)
Armour
 i - the +5 ring mail of Indecent Exposure (worn) {rF++}
   (You found it on level 3 of the Dungeon)

   rF:        It greatly protects you from fire.
Wands
 f - a wand of polymorph (6)
 h - a wand of charming (9)
Scrolls
 b - a scroll of immolation
Potions
 c - a potion of might {unknown}
 d - a potion of heal wounds {unknown}
 e - a potion of curing
 g - a potion of lignification {unknown}


   Skills:
 - Level 2.1 Fighting
 * Level 5.7 Ranged Weapons
 + Level 2.2 Armour
 - Level 1.7 Dodging
 - Level 1.2 Stealth


You had 4 spell levels left.
You didn't know any spells.
Your spell library contained the following spells:

 Spells                   Type           Power      Damage    Failure   Level
 Kiss of Death            Conj/Necr      0%         2d5       63%         1
 Confusing Touch          Hex            0%         N/A       94%         3
 Gell's Gravitas          Tloc           0%         N/A       94%         3
 Teleport Other           Tloc           0%         N/A       94%         3
 Dispel Undead            Necr           0%         3d6       100%        4
 Passage of Golubria      Tloc           0%         N/A       100%        4
 Silence                  Hex/Air        0%         N/A       100%        5
 Dispersal                Tloc           0%         N/A       100%        6
 Lehudib's Crystal Spear  Conj/Erth      0%         10d2      100%        8


Dungeon Overview and Level Annotations

Branches:
Dungeon (3/15)            Ossuary (1/1)

Altars:
Fedhas
Qazlal


Innate Abilities, Weirdness & Mutations

You cannot be hasted, slowed, berserked, paralysed or teleported.
You can dig through walls and to a lower floor.
You have a pair of large antennae on your head. (SInv)
Your four strong arms can wield two-handed weapons with a shield.


Message History

The wraith barely misses you.
You shoot an arrow. The arrow closely misses the wraith.
The wraith hits you! The wraith drains your vigour!
Your stasis prevents you from being slowed.
You shoot an arrow.
The arrow hits the wraith but does no damage.
The wraith is moderately damaged.
The wraith hits you. The wraith hits you but does no damage.
You shoot an arrow. The arrow hits the wraith!
The wraith is heavily damaged.
The wraith barely misses you.
You shoot an arrow. The arrow hits the wraith.
The wraith is heavily damaged.
The wraith hits you but does no damage.
You shoot an arrow.
The arrow hits the wraith but does no damage.
The wraith is heavily damaged.
The wraith barely misses you. The wraith closely misses you.
You shoot an arrow. The arrow closely misses the wraith.
The wraith hits you.
You shoot an arrow. The arrow closely misses the wraith.
The wraith hits you.
* * * LOW HITPOINT WARNING * * *
You shoot an arrow. The arrow hits the wraith.
The wraith is severely damaged.
The wraith closely misses you. The wraith hits you but does no damage.
You shoot an arrow.
The arrow hits the wraith but does no damage.
The wraith is severely damaged.
The wraith misses you.
You shoot an arrow. The arrow hits the wraith!
The wraith is almost destroyed.
The wraith hits you.
* * * LOW HITPOINT WARNING * * *
The wraith drains your vigour!
Your stasis prevents you from being slowed.
You shoot an arrow. The arrow barely misses the wraith.
The wraith closely misses you. The wraith barely misses you.
You shoot an arrow. The arrow hits the wraith.
The wraith is almost destroyed.
The wraith hits you!
You die...

#............#.
#..............
#..####.####...
#. +..#{ ..8.
#..####.####....
#...............
#............#.#
#..####......#
#. #?W@..8...#
####......#
.........
..........
#..#.#..#.#
#..#+#..# #..#{
.# .#


You could see a wraith.

Vanquished Creatures
  An elf zombie (Ossuary)
  2 dart slugs (D:2)
  An orc (D:2)
  3 endoplasms
  4 goblins
  5 hobgoblins
  6 jackals
  3 quokkas
  4 ball pythons
  4 bats
  2 frilled lizards
  3 hobgoblin zombies (Ossuary)
  6 kobolds
  3 rats
47 creatures vanquished.

Notes
Turn   | Place    | Note
-------+----------+-------------------------------------------
     0 | D:1      | HoaS the Formicid Hunter began the quest for the Orb.
     0 | D:1      | Reached XP level 1. HP: 16/16 MP: 1/1
   259 | D:1      | Reached XP level 2. HP: 22/22 MP: 2/2
   873 | D:2      | Reached XP level 3. HP: 27/27 MP: 3/3
  1017 | D:2      | Reached skill level 1 in Armour
  1041 | D:2      | Reached skill level 5 in Ranged Weapons
  1265 | D:3      | Found a blossoming altar of Fedhas.
  1265 | D:3      | Found a stormy altar of Qazlal.
  1265 | D:3      | Identified the +5 ring mail of Indecent Exposure {rF++}
  1314 | D:3      | Reached XP level 4. HP: 33/33 MP: 4/4
  1337 | D:3      | Noticed a scorpion
  1350 | D:3      | You fall into a shaft and drop 2 floors!
  1350 | D:5      | Entered Level 5 of the Dungeon
  1486 | D:5      | Found a sand-covered staircase.
  1491 | Ossuary  | Entered an ossuary
  1491 | Ossuary  | Noticed a wraith
  1491 | Ossuary  | Noticed a wraith
  1491 | Ossuary  | Noticed a wraith
  1630 | Ossuary  | Reached XP level 5. HP: 37/38 MP: 5/5
  1660 | Ossuary  | Noticed a wraith
  1680 | Ossuary  | Slain by a wraith

Illustrated notes

Levels and vault maps discovered:
D:1:      dpeg_arrival_renting, layout_rooms, roderic_lattice_a
D:2:      layout_rooms, minmay_stone_trees_small
D:3:      layout_rooms, grunt_temple_overflow_forces_of_nature, serial_shops,
          nicolae_shop_window_shopping
D:5:      layout_gridville, nicolae_ashenzari_panopticon, enter_ossuary_5
Ossuary:  ossuary_kennysheep_city_of_the_dead

Skill      XL: |  1  2  3  4 |
---------------+-------------+-----
Armour         | 1 2 |  2.2
Ranged Weapons | 5 |  5.7
Fighting       | |  2.1
Dodging        | |  1.7
Stealth        | |  1.2

Action                     |  1- 3 |  4- 6 || total
---------------------------+-------+-------++-------
   Fire: Shortbow          |    95 |    53 ||   148
Ability: Shaft Self        |       |     1 ||     1
    Use: Scroll            |     5 |       ||     5
 Armour: Leather armour    |     2 |       ||     2
         Ring mail         |     3 |    18 ||    21
  Dodge: Dodged            |    17 |    23 ||    40

Table legend: (Time is in decaauts)
 A = Elapsed time spent in this place.
 B = Non-inter-level travel time spent in this place.
 C = Inter-level travel time spent in this place.
 D = Time resting spent in this place.
 E = Time spent auto-exploring this place.
 F = Levels seen in this place.
 G = Mean time per level.
                   A        B        C        D        E       F      G
               +--------+--------+--------+--------+--------+-----+--------+
         Total |   1730 |   1671 |     59 |    310 |    996 |   5 |  346.0 |
       Dungeon |   1527 |   1468 |     59 |    210 |    963 |   4 |  381.8 |
       Ossuary |    202 |    202 |      0 |    100 |     33 |   1 |  202.0 |
               +--------+--------+--------+--------+--------+-----+--------+

Top non-repeatable levels by time:
     D:1: 823 daAuts
     D:2: 475 daAuts
 Ossuary: 202 daAuts
     D:5: 140 daAuts
     D:3: 87 daAuts
